 Dungeon Crawl Stone Soup version 0.25.1-8-g42b30a86e7 (webtiles) character file.

Game seed: 6100681242742339963

116 Gabide the Conjurer (level 5, -2/39 HPs)
             Began as a Human Wanderer on Dec 21, 2020.
             Slain by a big kobold
             ... wielding a +0 short sword of distortion
              (3 damage)
             ... on level 3 of the Dungeon.
             The game lasted 00:12:02 (3570 turns).

Gabide the Conjurer (Human Wanderer)                Turns: 3570, Time: 00:12:02

Health: -2/39      AC:  2    Str: 13    XL:     5   Next: 21%
Magic:  1/8        EV: 11    Int: 12    God:
Gold:   130        SH:  5    Dex: 13    Spells: 4/8 levels left

rFire    . . .     SeeInvis .   a - +2 dagger
rCold    . . .     Gourm    .   o - +1 buckler
rNeg     + . .     Faith    .   e - +0 robe
rPois    .         Spirit   .   (no helmet)
rElec    .         Reflect  .   (no cloak)
rCorr    .         Harm     .   (no gloves)
MR       .....                  (no boots)
Stlth    ++........             (no amulet)
HPRegen  0.13/turn              l - ring of positive energy
MPRegen  0.11/turn              (no ring)

@: very slightly contaminated, invisible
A: no striking features
a: no special abilities


You were on level 3 of the Dungeon.
You were hungry.

You visited 1 branch of the dungeon, and saw 3 of its levels.

You collected 130 gold pieces.

Inventory:

Hand Weapons
 a - a +2 dagger (weapon)
 p - a +0 war axe
Missiles
 b - 4 curare-tipped darts (quivered)
 h - 31 poisoned darts
Armour
 e - a +0 robe (worn)
 g - a +0 ring mail
 o - a +1 buckler (worn)
Jewellery
 l - a ring of positive energy (left hand)
Potions
 c - a potion of cancellation
 j - a potion of heal wounds {unknown}
 k - a potion of degeneration {unknown}
Comestibles
 f - 4 rations


   Skills:
 + Level 2.4 Fighting
 - Level 2.0 Throwing
 - Level 1.0 Armour
 * Level 1.6 Dodging
 + Level 0.9 Stealth
 * Level 1.6 Shields
 + Level 2.4 Spellcasting
 + Level 2.8 Conjurations
   Level 1.0 Summonings
 * Level 1.2 Air Magic


You had 4 spell levels left.
You knew the following spells:

 Your Spells              Type           Power        Failure   Level  Hunger
a - Shock                 Conj/Air       #...         14%         1    ##.....
b - Static Discharge      Conj/Air       #.......     41%         3    ####...

Your spell library contained the following spells:

 Spells                   Type           Power        Failure   Level  Hunger


Dungeon Overview and Level Annotations

Branches:
Dungeon (3/15)

Altars:

Annotations:
D:2 Abzac's ghost, amateur HaAs


Message History

Aiming: Shock (safe; 14% risk of failure)
Press: ? - help, Shift-Dir - straight line, f/p - big kobold
Aim: a big kobold, wielding a +0 short sword of distortion (moderately wounded)
The zap hits the big kobold.
The big kobold is heavily wounded.
The big kobold hits you with a +0 short sword of distortion.
Space warps horribly around you!
Casting: Shock (safe; 14% risk of failure)
Confirm with . or Enter, or press ? or * to list all spells.
Aiming: Shock (safe; 14% risk of failure)
Press: ? - help, Shift-Dir - straight line, f/p - big kobold
Aim: a big kobold, wielding a +0 short sword of distortion (moderately wounded)
The zap hits the big kobold.
The big kobold is heavily wounded.
The big kobold hits you with a +0 short sword of distortion.
Space warps horribly around you!
* * * LOW HITPOINT WARNING * * *
You fade into invisibility!
The big kobold hits you with a +0 short sword of distortion.
You die...

⌠#
#...............#
.#
#..####.#.#######
## #..####.#.# #
#..##.....#
#..##.#...#
#...†.....#
##.##.#...######..
#......K.........
####.#.@<########
#.##.## #.#### #.#
#.# #.# #.# #..


You could see a big kobold.

Vanquished Creatures
  An iguana (D:2)
  A gnoll (D:1)
  An adder (D:2)
  A worm (D:2)
  3 dart slugs (D:1)
  2 leopard geckos
  An orc (D:3)
  2 giant cockroaches
  8 goblins
  4 hobgoblins
  2 jackals (D:2)
  A ball python (D:3)
  2 bats
  3 frilled lizards
  8 kobolds
  3 rats
43 creatures vanquished.

Vanquished Creatures (others)
  A big kobold (D:3)
1 creature vanquished.

Grand Total: 44 creatures vanquished

Notes
Turn   | Place    | Note
-------+----------+-------------------------------------------
     0 | D:1      | Gabide the Human Wanderer began the quest for the Orb.
     0 | D:1      | Gabide set off with the following items: a +2 dagger, 4
                  | curare-tipped darts, a potion of curing, a +0 robe, a
                  | ration; and the following spell memorised: Shock; and the
                  | following spells available to memorise: Static Discharge
     0 | D:1      | Reached XP level 1. HP: 16/16 MP: 3/3
   149 | D:1      | Reached XP level 2. HP: 4/22 MP: 0/5
   817 | D:1      | Reached skill level 1 in Dodging
   817 | D:1      | Reached XP level 3. HP: 21/28 MP: 6/6
  2243 | D:2      | Reached XP level 4. HP: 33/34 MP: 0/7
  2447 | D:2      | Reached skill level 1 in Shields
  2452 | D:2      | Learned a level 3 spell: Static Discharge
  3263 | D:3      | Found a runed translucent gate.
  3263 | D:3      | Noticed a big kobold
  3265 | D:3      | Found a runed translucent gate.
  3265 | D:3      | Found a runed translucent gate.
  3265 | D:3      | Noticed Abzac's ghost (amateur HaAs)
  3265 | D:3      | Identified the cursed +0 whip "Bidotu" {venom, MR+}
  3265 | D:3      | Noticed a big kobold
  3312 | D:3      | Killed a big kobold
  3312 | D:3      | Reached skill level 1 in Air Magic
  3312 | D:3      | Reached XP level 5. HP: 9/39 MP: 3/8
  3569 | D:3      | HP: 1/39 [big kobold/+0 short sword of distortion (17)]
  3570 | D:3      | Slain by a big kobold

Illustrated notes

Levels and vault maps discovered:
D:1:      dpeg_arrival_circle_labyrinth_c, layout_loops_corners
D:2:      layout_loops_ring, first_ration
D:3:      layout_loops_corners, gammafunk_ghost_nasty_kobolds, uniq_natasha

Skill      XL: |  1  2  3  4 |
---------------+-------------+-----
Dodging        | 1 |  1.6
Shields        | 1 |  1.6
Air Magic      | 1 |  1.2
Fighting       | |  2.4
Throwing       | |  2.0
Armour         | |  1.0
Stealth        | |  0.9
Spellcasting   | |  2.4
Conjurations   | |  2.8
Summonings     | |  1.0

Action                   |  1- 3 |  4- 6 || total
-------------------------+-------+-------++-------
Melee: Dagger            |    50 |    12 ||    62
       War axe           |       |     6 ||     6
Throw: Dart              |     2 |       ||     2
 Cast: Shock             |    44 |    51 ||    95
  Use: Scroll            |     7 |     4 ||    11
       Potion            |       |     3 ||     3
 Stab: Sleeping          |     1 |       ||     1
  Eat: Chunk             |     5 |     5 ||    10
Armor: Robe              |     5 |     3 ||     8
Dodge: Dodged            |    26 |    21 ||    47
Block: Buckler           |     2 |     7 ||     9
